MID
QUAD CITIES RIVER BANDITS @ HICKORY CRAWDADS
07/22/2044
 
TOP OF THE 1ST
Quad Cities River Bandits batting - Pitching for Hickory Crawdads : RHP Dan Landry
Pitching: RHP Dan Landry
Batting: RHB Ben Hoffman 0-0: Ball
1-0: Foul Ball, location: 2F
1-1: Foul Ball, location: 2F
1-2: SINGLE (Line Drive, 78S, EV 108.1 MPH)
Batting: RHB Matt Parker 0-0: Called Strike
0-1: Called Strike
0-2: Ball
1-2: Ball
2-2: Foul Ball, location: 2F
2-2: Ball
3-2: Foul Ball, location: 2F
3-2: Fielders Choice at 2nd, 4-6 (Groundball, 4, EV 81.2 MPH)
Batting: LHB Angelo Vasquez 0-0: Ball
1-0: Ball
2-0: Fly out, F8 (Flyball, 8LD, EV 106.9 MPH)
Batting: RHB Steve Moore 0-0: Ball
1-0: Ball
2-0: Called Strike
2-1: Foul Ball, location: 2F
2-2: Strikes out looking
Top of the 1st over - 0 runs, 1 hit, 0 errors, 1 left on base; Quad Cities 0 - Hickory 0
BOTTOM OF THE 1ST
Hickory Crawdads batting - Pitching for Quad Cities River Bandits : RHP Elroy Meulenkamp
Pitching: RHP Elroy Meulenkamp
Batting: RHB Theo van Gent 0-0: Ball
1-0: Ball
2-0: Ball
3-0: Called Strike
3-1: Base on Balls
Batting: LHB Franklin Quezada 0-0: Ball
1-0: Ball
2-0: Ball
3-0: Base on Balls
Theo van Gent to second
Batting: RHB Doug Hammertime 0-0: Ball
1-0: Called Strike
Theo van Gent steals 3rd base
1-1: Ball
2-1: Foul Ball, location: 2F
2-2: Ball
3-2: Base on Balls
Franklin Quezada to second
Batting: RHB Bobby Larson 0-0: SINGLE (Flyball, 4D, EV 96.9 MPH)
Theo van Gent scores
Franklin Quezada to third
Doug Hammertime to second
Batting: LHB Casper Kersten 0-0: Called Strike
0-1: Ball
1-1: Ball
2-1: Ball
3-1: Called Strike
3-2: Base on Balls
Franklin Quezada scores
Doug Hammertime to third
Bobby Larson to second
Batting: LHB Nick Foutz 0-0: Ball
1-0: Ball
2-0: Ball
3-0: Called Strike
3-1: Base on Balls
Doug Hammertime scores
Bobby Larson to third
Casper Kersten to second
Batting: RHB Chris Powell 0-0: Called Strike
0-1: Swinging Strike
0-2: Strikes out looking
Batting: SHB Rich Rubio 0-0: Foul Ball, location: 2F
0-1: Ball
1-1: Called Strike
1-2: Fielders Choice at 2nd, 3-6 (Groundball, 3, EV 83.8 MPH)
Bobby Larson scores
Casper Kersten to third
Batting: RHB Jose Guerrero 0-0: Called Strike
0-1: Ball
1-1: 3-RUN HOME RUN (Flyball, 7D, EV 103.8 MPH), Distance : 392 ft
Pitching: RHP Robin Yelland
Batting: RHB Theo van Gent 0-0: Ball
1-0: Called Strike
1-1: Ball
2-1: SINGLE (Groundball, 4MD, EV 108.1 MPH)
Batting: LHB Franklin Quezada 0-0: Called Strike
0-1: Reached on error, E4 (Groundball, 34, EV 100.6 MPH)
Theo van Gent to second
Batting: RHB Doug Hammertime 0-0: Called Strike
0-1: Ball
1-1: Called Strike
1-2: Ball
2-2: Ball
3-2: Fly out, F5 (Popup, 56S, EV 81.9 MPH)
Bottom of the 1st over - 7 runs, 3 hits, 1 error, 2 left on base; Quad Cities 0 - Hickory 7
TOP OF THE 2ND
Quad Cities River Bandits batting - Pitching for Hickory Crawdads : RHP Dan Landry
Batting: RHB Joe Cook 0-0: Ground out 5-3 (Groundball, 56, EV 78.1 MPH)
Batting: LHB Kelvin Jones 0-0: Ball
1-0: Called Strike
1-1: Ball
2-1: Ground out 4-3 (Groundball, 4, EV 93.1 MPH)
Batting: RHB Bobby Dunn 0-0: Ground out U3 (Groundball, 3, EV 85.0 MPH)
Top of the 2nd over - 0 runs, 0 hits, 0 errors, 0 left on base; Quad Cities 0 - Hickory 7
BOTTOM OF THE 2ND
Hickory Crawdads batting - Pitching for Quad Cities River Bandits : RHP Robin Yelland
Batting: RHB Bobby Larson 0-0: Ball
1-0: Ball
2-0: SINGLE (Line Drive, 8RS, EV 106.9 MPH)
Batting: LHB Casper Kersten 0-0: Called Strike
0-1: Ball
1-1: Ball
2-1: Foul Ball, location: 2F
2-2: Ball
3-2: Base on Balls
Bobby Larson to second
Batting: LHB Nick Foutz 0-0: Ball
1-0: Called Strike
1-1: Ball
2-1: Foul Ball, location: 2F
2-2: Strikes out looking
Batting: RHB Chris Powell 0-0: Ball
1-0: Foul Ball, location: 2F
1-1: Ball
2-1: Fly out, F2 (Popup, 25F, EV 90.6 MPH)
Batting: SHB Rich Rubio 0-0: Ball
1-0: Ball
2-0: Swinging Strike
2-1: Called Strike
2-2: Fly out, F7 (Flyball, 7S, EV 78.1 MPH)
Bottom of the 2nd over - 0 runs, 1 hit, 0 errors, 2 left on base; Quad Cities 0 - Hickory 7
TOP OF THE 3RD
Quad Cities River Bandits batting - Pitching for Hickory Crawdads : RHP Dan Landry
Batting: RHB Colin Cranford 0-0: Called Strike
0-1: Called Strike
0-2: Strikes out swinging
Batting: RHB Ray Finkle 0-0: Ball
1-0: Ball
2-0: Fly out, F9 (Line Drive, 89M, EV 91.9 MPH)
Batting: RHB Ben Hoffman 0-0: Ball
1-0: Foul Ball, location: 2F
1-1: Ground out 5-3 (Groundball, 56, EV 103.8 MPH)
Top of the 3rd over - 0 runs, 0 hits, 0 errors, 0 left on base; Quad Cities 0 - Hickory 7
BOTTOM OF THE 3RD
Hickory Crawdads batting - Pitching for Quad Cities River Bandits : RHP Robin Yelland
Batting: RHB Jose Guerrero 0-0: Swinging Strike
0-1: Ball
1-1: Foul Ball, location: 2F
1-2: Foul Ball, location: 2F
1-2: Foul Ball, location: 2F
1-2: Ball
2-2: Foul Ball, location: 2F
2-2: Ball
3-2: Strikes out swinging
Batting: RHB Theo van Gent 0-0: Ball
1-0: Hit by Pitch
Pinch Runner at 1st Antonio Domingues:
Batting: LHB Franklin Quezada 0-0: 2-RUN HOME RUN (Flyball, 7D, EV 98.1 MPH), Distance : 387 ft
Pitching: RHP Oscar Andrade
Batting: RHB Doug Hammertime 0-0: Foul Ball, location: 2F
0-1: Foul Ball, location: 2F
0-2: Ball
1-2: Ball
2-2: Ball
3-2: Base on Balls
Batting: RHB Bobby Larson 0-0: Ball
1-0: Ball
2-0: Foul Ball, location: 2F
2-1: Foul Ball, location: 2F
2-2: Foul Ball, location: 2F
2-2: Ball
3-2: Base on Balls
Doug Hammertime to second
Batting: LHB Casper Kersten 0-0: Called Strike
0-1: Ball
1-1: Ball
2-1: Foul Ball, location: 2F
2-2: Ball
3-2: Foul Ball, location: 2F
3-2: Base on Balls
Doug Hammertime to third
Bobby Larson to second
Batting: LHB Nick Foutz 0-0: Called Strike
0-1: Foul Ball, location: 2F
0-2: Foul Ball, location: 2F
0-2: Hit by Pitch
Doug Hammertime scores
Bobby Larson to third
Casper Kersten to second
Batting: RHB Chris Powell 0-0: Ball
1-0: Ball
2-0: Swinging Strike
2-1: Ball
3-1: Foul Ball, location: 2F
3-2: Base on Balls
Bobby Larson scores
Casper Kersten to third
Nick Foutz to second
Batting: SHB Rich Rubio 0-0: Ball
1-0: Ball
2-0: Ball
3-0: Base on Balls
Casper Kersten scores
Nick Foutz to third
Chris Powell to second
Batting: RHB Jose Guerrero 0-0: Called Strike
0-1: Swinging Strike
0-2: Foul Ball, location: 2F
0-2: Ball
1-2: Grounds into double play, 1-2-3 (Groundball, 15S, EV 68.1 MPH)
Bottom of the 3rd over - 5 runs, 1 hit, 0 errors, 2 left on base; Quad Cities 0 - Hickory 12
TOP OF THE 4TH
Quad Cities River Bandits batting - Pitching for Hickory Crawdads : RHP Dan Landry
Now in RF: Antonio Domingues
Batting: RHB Matt Parker 0-0: Called Strike
0-1: SINGLE (Flyball, 8LS, EV 100.6 MPH)
Batting: LHB Angelo Vasquez 0-0: Foul Ball, location: 2F
0-1: Swinging Strike
0-2: Strikes out looking
Batting: RHB Steve Moore 0-0: Ball
1-0: Ball
2-0: Ball
3-0: Called Strike
3-1: Called Strike
3-2: Foul Ball, location: 2F
3-2: Foul Ball, location: 2F
3-2: Foul Ball, location: 2F
3-2: Fly out, F8 (Flyball, 8RS, EV 79.4 MPH)
Batting: RHB Joe Cook 0-0: Called Strike
Matt Parker steals 2nd base
0-1: Ball
1-1: Foul Ball, location: 2F
1-2: Foul Ball, location: 2F
1-2: DOUBLE (Line Drive, 78XD, EV 105.0 MPH)
Matt Parker scores
Batting: LHB Kelvin Jones 0-0: Ball
1-0: Foul Ball, location: 2F
1-1: Foul Ball, location: 2F
1-2: Ball
2-2: Ball
3-2: Foul Ball, location: 2F
3-2: SINGLE (Flyball, 3D, EV 93.1 MPH)
Joe Cook to third
Runner from 3rd tries for Home, SAFE, throw by RF to home
Batting: RHB Bobby Dunn 0-0: Ball
1-0: Ball
2-0: Ball
3-0: Base on Balls
Kelvin Jones to second
Batting: RHB Colin Cranford 0-0: Swinging Strike
0-1: Swinging Strike
0-2: Strikes out swinging
Top of the 4th over - 2 runs, 3 hits, 0 errors, 2 left on base; Quad Cities 2 - Hickory 12
BOTTOM OF THE 4TH
Hickory Crawdads batting - Pitching for Quad Cities River Bandits : RHP Oscar Andrade
Batting: LHB Antonio Domingues 0-0: Ball
1-0: Ball
2-0: Ball
3-0: SOLO HOME RUN (Flyball, 89XD, EV 114.4 MPH), Distance : 445 ft
Pitching: RHP Eli Hernandez
Batting: LHB Franklin Quezada 0-0: Ball
1-0: Ball
2-0: Ball
3-0: Called Strike
3-1: Base on Balls
Batting: RHB Doug Hammertime 0-0: Called Strike
0-1: Ball
1-1: Fly out, F9 (Line Drive, 9, EV 108.8 MPH)
Batting: RHB Bobby Larson 0-0: Called Strike
0-1: Swinging Strike
0-2: Foul Ball, location: 2F
0-2: SINGLE (Line Drive, 8LS, EV 86.2 MPH)
Franklin Quezada to second
Batting: LHB Casper Kersten 0-0: Fielders Choice at 2nd, 4-6 (Groundball, 4, EV 88.1 MPH)
Franklin Quezada to third
Batting: LHB Nick Foutz 0-0: Ball
1-0: Ball
2-0: Called Strike
2-1: SINGLE (Groundball, 4MD, EV 98.1 MPH)
Franklin Quezada scores
Casper Kersten to second
Batting: RHB Chris Powell 0-0: Fielders Choice at 2nd, 6-4 (Groundball, 6, EV 101.2 MPH)
Bottom of the 4th over - 2 runs, 3 hits, 0 errors, 2 left on base; Quad Cities 2 - Hickory 14
TOP OF THE 5TH
Quad Cities River Bandits batting - Pitching for Hickory Crawdads : RHP Dan Landry
Batting: RHB Ray Finkle 0-0: Swinging Strike
0-1: Foul Ball, location: 2F
0-2: Strikes out swinging
Batting: RHB Ben Hoffman 0-0: Called Strike
0-1: Ball
1-1: Ball
2-1: Called Strike
2-2: Foul Ball, location: 2F
2-2: Foul Ball, location: 2F
2-2: Ball
3-2: Strikes out swinging
Batting: RHB Matt Parker 0-0: Ball
1-0: Foul Ball, location: 2F
1-1: Foul Ball, location: 2F
1-2: Foul Ball, location: 2F
1-2: Strikes out swinging
Top of the 5th over - 0 runs, 0 hits, 0 errors, 0 left on base; Quad Cities 2 - Hickory 14
BOTTOM OF THE 5TH
Hickory Crawdads batting - Pitching for Quad Cities River Bandits : RHP Eli Hernandez
Batting: SHB Rich Rubio 0-0: Ball
1-0: Reached on error, E3 (Groundball, 34S, EV 85.0 MPH)
Batting: RHB Jose Guerrero 0-0: Called Strike
0-1: Swinging Strike
0-2: Ball
1-2: Ball
2-2: Foul Ball, location: 2F
2-2: Foul Ball, location: 2F
2-2: Fielders Choice at 2nd, 3-6 (Groundball, 34, EV 88.8 MPH)
Batting: LHB Antonio Domingues 0-0: Swinging Strike
0-1: Fielders Choice at 2nd, 6-4 (Groundball, 6, EV 93.8 MPH)
Batting: LHB Franklin Quezada 0-0: Foul Ball, location: 2F
0-1: Fly out, F8 (Flyball, 8LM, EV 98.1 MPH)
Bottom of the 5th over - 0 runs, 0 hits, 1 error, 1 left on base; Quad Cities 2 - Hickory 14
TOP OF THE 6TH
Quad Cities River Bandits batting - Pitching for Hickory Crawdads : RHP Dan Landry
Batting: LHB Angelo Vasquez 0-0: Called Strike
0-1: Foul Ball, location: 2F
0-2: Ball
1-2: Ball
2-2: Foul Ball, location: 2F
2-2: Strikes out swinging
Batting: RHB Steve Moore 0-0: Called Strike
0-1: Ball
1-1: Foul Ball, location: 2F
1-2: Foul Ball, location: 2F
1-2: Strikes out swinging
Batting: RHB Joe Cook 0-0: Ball
1-0: SINGLE (Groundball, 34D, EV 97.5 MPH)
Batting: LHB Kelvin Jones 0-0: Called Strike
0-1: Foul Ball, location: 2F
0-2: Ball
1-2: Ball
2-2: Ball
3-2: DOUBLE (Flyball, 8LXD, EV 106.9 MPH)
Joe Cook to third
Joe Cook scores
Batting: RHB Bobby Dunn 0-0: Ball
1-0: Called Strike
1-1: Ball
2-1: Called Strike
2-2: Foul Ball, location: 2F
2-2: Foul Ball, location: 2F
2-2: Ground out 5-3 (Groundball, 56S, EV 81.9 MPH)
Top of the 6th over - 1 run, 2 hits, 0 errors, 1 left on base; Quad Cities 3 - Hickory 14
BOTTOM OF THE 6TH
Hickory Crawdads batting - Pitching for Quad Cities River Bandits : RHP Eli Hernandez
Batting: RHB Doug Hammertime 0-0: Foul Ball, location: 2F
0-1: Foul Ball, location: 2F
0-2: Ball
1-2: Ball
2-2: Ball
3-2: SINGLE (Line Drive, 89S, EV 93.8 MPH)
Batting: RHB Bobby Larson 0-0: Ball
1-0: Ball
2-0: Fielders Choice at 2nd, 6-4 (Groundball, 6S, EV 86.2 MPH)
Batting: LHB Casper Kersten 0-0: Called Strike
0-1: Ball
1-1: Fly out, F7 (Line Drive, 7, EV 92.5 MPH)
Batting: LHB Nick Foutz 0-0: Ball
1-0: SINGLE (Groundball, 34D, EV 104.4 MPH)
Bobby Larson to second
Batting: RHB Chris Powell 0-0: Called Strike
0-1: Called Strike
0-2: Ball
1-2: Ball
2-2: Ball
3-2: Foul Ball, location: 2F
3-2: Strikes out swinging
Bottom of the 6th over - 0 runs, 2 hits, 0 errors, 2 left on base; Quad Cities 3 - Hickory 14
TOP OF THE 7TH
Quad Cities River Bandits batting - Pitching for Hickory Crawdads : RHP Dan Landry
Now at 2B: Jason Sher
Batting: RHB Colin Cranford 0-0: Foul Ball, location: 2F
0-1: Called Strike
0-2: Foul Ball, location: 2F
0-2: Ball
1-2: Strikes out swinging
Pitching: LHP Logan Benson
Batting: RHB Ray Finkle 0-0: Ball
1-0: Called Strike
1-1: Ball
2-1: Ball
3-1: Foul Ball, location: 2F
3-2: DOUBLE (Groundball, 5L, EV 103.1 MPH)
Batting: RHB Ben Hoffman 0-0: Ball
1-0: Called Strike
1-1: Ball
2-1: Swinging Strike
2-2: Foul Ball, location: 2F
2-2: Ball
3-2: SINGLE (Groundball, 6MD, EV 108.1 MPH)
Ray Finkle to third
Batting: RHB Matt Parker 0-0: Ball
1-0: Ball
2-0: Called Strike
2-1: Called Strike
Ben Hoffman steals 2nd base
2-2: Ball
Wild Pitch!
Ray Finkle scores
Ben Hoffman to third
3-2: Strikes out swinging
Pinch Hitting: LHB Ray Fernandez 0-0: Called Strike
0-1: Fly out, F7 (Flyball, 7D, EV 95.6 MPH)
Top of the 7th over - 1 run, 2 hits, 0 errors, 1 left on base; Quad Cities 4 - Hickory 14
BOTTOM OF THE 7TH
Hickory Crawdads batting - Pitching for Quad Cities River Bandits : RHP Eli Hernandez
Now at 1B: Ray Fernandez
Batting: SHB Rich Rubio 0-0: Ball
1-0: Fly out, F4 (Popup, 4S, EV 76.9 MPH)
Batting: RHB Jose Guerrero 0-0: Called Strike
0-1: DOUBLE (Line Drive, 89D, EV 106.9 MPH)
Batting: LHB Antonio Domingues 0-0: Ball
1-0: DOUBLE (Line Drive, 89XD, EV 105.0 MPH)
Jose Guerrero scores
Batting: LHB Franklin Quezada 0-0: Foul Ball, location: 2F
0-1: Ball
1-1: Ball
2-1: Fly out, F9 (Flyball, 9LM, EV 91.2 MPH)
Batting: RHB Jason Sher 0-0: Ball
1-0: Called Strike
1-1: SINGLE (Flyball, 89S, EV 95.0 MPH)
Antonio Domingues to third
Batting: RHB Bobby Larson 0-0: Ball
1-0: Ball
2-0: Ball
3-0: Base on Balls
Jason Sher to second
Batting: LHB Casper Kersten 0-0: Ball
1-0: TRIPLE (Line Drive, 9LD, EV 102.5 MPH)
Antonio Domingues scores
Jason Sher scores
Bobby Larson scores
Pitching: RHP Chris Miller
Batting: LHB Nick Foutz 0-0: Ball
1-0: Called Strike
1-1: Ball
2-1: Swinging Strike
2-2: Foul Ball, location: 2F
2-2: Foul Ball, location: 2F
2-2: Foul Ball, location: 2F
2-2: Strikes out swinging
Bottom of the 7th over - 4 runs, 4 hits, 0 errors, 1 left on base; Quad Cities 4 - Hickory 18
TOP OF THE 8TH
Quad Cities River Bandits batting - Pitching for Hickory Crawdads : LHP Logan Benson
Batting: RHB Steve Moore 0-0: Foul Ball, location: 2F
0-1: Ground out 1-3 (Groundball, 15S, EV 75.6 MPH)
Batting: RHB Joe Cook 0-0: Foul Ball, location: 2F
0-1: Foul Ball, location: 2F
0-2: Foul Ball, location: 2F
0-2: Ground out 4-3 (Groundball, 34, EV 106.2 MPH)
Batting: LHB Kelvin Jones 0-0: Ball
1-0: Swinging Strike
1-1: Foul Ball, location: 2F
1-2: Ball
2-2: Strikes out looking
Top of the 8th over - 0 runs, 0 hits, 0 errors, 0 left on base; Quad Cities 4 - Hickory 18
BOTTOM OF THE 8TH
Hickory Crawdads batting - Pitching for Quad Cities River Bandits : RHP Chris Miller
Batting: RHB Chris Powell 0-0: SOLO HOME RUN (Flyball, 7LD, EV 99.4 MPH), Distance : 357 ft
Batting: SHB Rich Rubio 0-0: Ball
1-0: Ball
2-0: Fly out, F9 (Line Drive, 9, EV 89.4 MPH)
Batting: RHB Jose Guerrero 0-0: Ball
1-0: Called Strike
1-1: Foul Ball, location: 2F
1-2: Fly out, F2 (Popup, 2R, EV 95.6 MPH)
Batting: LHB Antonio Domingues 0-0: Ball
1-0: Ball
2-0: Ground out 5-3 (Groundball, 56, EV 108.1 MPH)
Bottom of the 8th over - 1 run, 1 hit, 0 errors, 0 left on base; Quad Cities 4 - Hickory 19
TOP OF THE 9TH
Quad Cities River Bandits batting - Pitching for Hickory Crawdads : LHP Logan Benson
Batting: RHB Bobby Dunn 0-0: Swinging Strike
0-1: Swinging Strike
0-2: Ball
1-2: Foul Ball, location: 2F
1-2: Foul Ball, location: 2F
1-2: Strikes out looking
Batting: RHB Colin Cranford 0-0: Swinging Strike
0-1: Ball
1-1: Ball
2-1: Foul Ball, location: 2F
2-2: Ground out 6-3 (Groundball, 6, EV 107.5 MPH)
Batting: RHB Ray Finkle 0-0: Called Strike
0-1: Called Strike
0-2: Ball
1-2: Foul Ball, location: 2F
1-2: Strikes out swinging
Top of the 9th over - 0 runs, 0 hits, 0 errors, 0 left on base; Quad Cities 4 - Hickory 19
Thursday, March 31st , 2022 - OOTP Baseball 22.12 Build 89